 Dungeon Crawl Stone Soup version 0.28-a0-305-g9e858e973b (webtiles) character file.

Game seed: 5919612536972483665

69 bande the Covered (level 4, -1/29 HPs)
             Began as a Gargoyle Fighter on Aug 29, 2021.
             Slain by a gnoll (4 damage)
             ... on level 3 of the Dungeon.
             The game lasted 00:04:54 (2342 turns).

bande the Covered (Gargoyle Fighter)                Turns: 2342, Time: 00:04:56

Health: -1/29      AC: 15    Str: 19    XL:     4   Next: 20%
Magic:  4/4        EV:  5    Int:  9    God:
Gold:   70         SH:  8    Dex: 10    Spells: 3/3 levels left

rFire   . . .      SeeInvis .   a - +0 war axe
rCold   + . .      Faith    .   c - +0 kite shield
rNeg    + . .      Spirit   .   l - +0 chain mail
rPois   ∞          Reflect  .   h - +2 hat
rElec   +          Harm     .   (no cloak)
rCorr   .          Rampage  .   (no gloves)
Will    .....                   (no boots)
Stlth   ..........              (no amulet)
HPRegen 0.09/turn               f - ring "Akkuik" {+Blink rC+}
MPRegen 0.09/turn               (no ring)

@: no status effects
A: sickness immunity, AC +3, negative energy resistance 1, electricity
resistance, torment resistance 1, petrification resistance
a: Evoke Blink


You were on level 3 of the Dungeon.
You visited 1 branch of the dungeon, and saw 3 of its levels.

You collected 70 gold pieces.

Inventory:

Hand Weapons
 a - a +0 war axe (weapon)
 m - a +0 flail
Armour
 c - a +0 kite shield (worn)
 h - a +2 hat (worn)
 l - a +0 chain mail (worn)
Jewellery
 e - a ring of ice
 f - the ring "Akkuik" (left hand) {+Blink rC+}
   (You acquired it on level 2 of the Dungeon)

   [ring of protection from cold]

   rC:        It protects you from cold.
   +Blink:    It lets you blink.
Scrolls
 b - a scroll of fear {unknown}
 i - a scroll of identify
 j - a scroll of vulnerability {unknown}
 k - a scroll of enchant armour {unknown}
Potions
 d - a potion of might
 g - a potion of brilliance


   Skills:
 + Level 3.7 Fighting
 + Level 2.7 Axes
 + Level 3.9 Armour
 + Level 3.8 Shields


You had 3 spell levels left.
You didn't know any spells.
Your spell library was empty.

Dungeon Overview and Level Annotations

Branches:
Dungeon (3/15)

Altars:


Innate Abilities, Weirdness & Mutations

You are immune to sickness and miasma.
Your stone body is resilient. (AC +3)
You are immune to poison.
You resist negative energy. (rN+)
You are resistant to electric shocks. (rElec)
You are resistant to unholy torment.
You are immune to petrification.


Message History

No target in view!
There is a stone staircase leading down, spattered with blood here.
Things that are here:
a +0 whip; a gnoll corpse You climb downwards.
There is a stone staircase leading up here.
There is a stone staircase leading up here.
The gnoll shouts!
The gnoll hits you but does no damage.
You completely miss the gnoll. You block the gnoll's attack.
The gnoll hits you from afar with a +0 halberd!
The gnoll hits you from afar with a +0 halberd.
There is a stone staircase leading up here.
You block the gnoll's attack.
You climb upwards.
There is a stone staircase leading down, spattered with blood here.
Things that are here:
a +0 whip; a gnoll corpse You start resting.
HP restored.
There is a stone staircase leading down here.
There is a stone staircase leading down, spattered with blood here.
Things that are here:
a +0 whip; a gnoll corpse You climb downwards.
The gnoll hits you from afar with a +0 halberd.
There is a stone staircase leading up here.
The gnoll hits you with a +0 halberd!
You hit the gnoll.
The gnoll is moderately wounded.
You block the gnoll's attack.
The gnoll hits you from afar with a +0 halberd.
The gnoll hits you but does no damage.
You closely miss the gnoll.
The gnoll is moderately wounded.
The gnoll hits you from afar with a +0 halberd!
* * * LOW HITPOINT WARNING * * *
You block the gnoll's attack.
The gnoll hits you from afar with a +0 halberd.
You die...

# ... ... #. #..#.#
...#..#.#######
#>....÷.......
##....#.## .........#
.........## .........<#
.........@############.
.#........gg...[.......
#.<.....###<......#...
#.......# ##...##.#[
######### #....##...
###.......<.#
#.....##..#.#
###.##........#
###...##...#....#


You could see 2 gnolls.

Vanquished Creatures
  A gnoll (D:2)
  An adder (D:2)
  A worm (D:3)
  A dart slug (D:2)
  An orc (D:3)
  4 bats
  2 endoplasms (D:2)
  2 giant cockroaches
  4 goblins (D:2)
  3 hobgoblins
  2 jackals (D:2)
  4 kobolds
  3 quokkas
  4 ball pythons
  A frilled lizard (D:1)
  8 rats
42 creatures vanquished.

Notes
Turn   | Place    | Note
-------+----------+-------------------------------------------
     0 | D:1      | bande the Gargoyle Fighter began the quest for the Orb.
     0 | D:1      | Reached XP level 1. HP: 14/14 MP: 1/1
    12 | D:1      | Noticed a floating eye
    14 | D:1      | Found a faded altar of an unknown god.
    16 | D:1      | Noticed a shining eye
    16 | D:1      | Noticed a great orb of eyes
    16 | D:1      | Noticed an eye of devastation
   195 | D:1      | Reached XP level 2. HP: 16/19 MP: 2/2
  1079 | D:2      | Reached XP level 3. HP: 21/23 MP: 3/3
  1121 | D:2      | Identified a scroll of acquirement
  1121 | D:2      | Acquired the ring "Akkuik" {+Blink rC+}
  1853 | D:3      | Reached XP level 4. HP: 26/29 MP: 4/4
  2342 | D:3      | Slain by a gnoll

Illustrated notes

Levels and vault maps discovered:
D:1:      lightli_arrival_chessboard, layout_basic,
          hellmonk_ecumenical_altar_watching_god
D:2:      layout_loops_cross
D:3:      layout_basic, lemuel_doored_altar, serial_shops, shop_statue,
          minmay_goblin_kobold_house, uniq_jessica

Skill      XL: |  1  2 |
---------------+-------+-----
Axes           | 2 |  2.7
Fighting       | |  3.7
Armour         | |  3.9
Shields        | |  3.8

Action                   |  1- 3 |  4- 6 || total
-------------------------+-------+-------++-------
Melee: War axe           |   143 |     9 ||   152
 Abil: Evoke Blink       |     1 |       ||     1
  Use: Scroll            |     4 |       ||     4
Armor: Scale mail        |   107 |       ||   107
       Chain mail        |       |     7 ||     7
Dodge: Dodged            |    66 |     3 ||    69
Block: Kite shield       |    80 |     7 ||    87

Table legend: (Time is in decaauts)
 A = Elapsed time spent in this place.
 B = Non-inter-level travel time spent in this place.
 C = Inter-level travel time spent in this place.
 D = Time resting spent in this place.
 E = Time spent auto-exploring this place.
 F = Levels seen in this place.
 G = Mean time per level.
                   A        B        C        D        E       F      G
               +--------+--------+--------+--------+--------+-----+--------+
         Total |   2439 |   2416 |     23 |    678 |   1248 |   3 |  813.0 |
       Dungeon |   2439 |   2416 |     23 |    678 |   1248 |   3 |  813.0 |
               +--------+--------+--------+--------+--------+-----+--------+

Top non-repeatable levels by time:
     D:2: 1232 daAuts
     D:1: 1065 daAuts
     D:3: 141 daAuts
